 Dungeon Crawl Stone Soup version 0.30.1-11-g7821555f0a (webtiles) character file.

Game seed: 5218972267964801306

176 jagang the Slasher (level 5, -5/42 HPs)
             Began as a Human Monk on Jan 10, 2024.
             Slain by an orc
             ... wielding a +0 mace
              (6 damage)
             ... on level 3 of the Dungeon.
             The game lasted 00:04:46 (2413 turns).

jagang the Slasher (Human Monk)                     Turns: 2413, Time: 00:04:47

Health: -5/42      AC:  2    Str: 11    XL:     5   Next: 86%
Magic:  5/5        EV: 13    Int: 10    God:
Gold:   152        SH:  0    Dex: 18    Spells: 4/4 levels left

rFire   . . .        a - +0 falchion
rCold   . . .        d - orb {light}
rNeg    . . .        b - +0 robe
rPois   .            (no helmet)
rElec   .            (no cloak)
rCorr   .            (no gloves)
SInv    .            (no boots)
Will    .....        (no amulet)
Stlth   +            (no ring)
HPRegen 0.27/turn    (no ring)
MPRegen 0.09/turn

%: no passive effects
@: glowing
A: no striking features
a: no special abilities


You were on level 3 of the Dungeon.
You visited 1 branch of the dungeon, and saw 3 of its levels.

You collected 152 gold pieces.

Inventory:

Hand Weapons
 a - a +0 falchion (weapon)
Missiles
 i - 6 boomerangs (quivered)
 l - 8 poisoned darts
 m - 2 javelins
Armour
 b - a +0 robe (worn)
 d - an orb of light (worn)
Jewellery
 n - an amulet of guardian spirit
Wands
 o - a wand of mindburst (13)
Scrolls
 f - 2 scrolls of identify {unknown}
 g - a scroll of enchant weapon {unknown}
 h - a scroll of poison {unknown}
 j - a scroll of magic mapping {unknown}
 k - a scroll of vulnerability {unknown}
Potions
 c - a potion of ambrosia
 e - 4 potions of curing


   Skills:
 + Level 3.7 Fighting
 * Level 4.3 Long Blades
 + Level 1.3 Throwing
 * Level 2.8 Armour
 - Level 3.0 Dodging


You had 4 spell levels left.
You didn't know any spells.
Your spell library contained the following spells:

 Spells                   Type           Power      Damage    Failure   Level
 Dazzling Flash           Conj/Hex       0%         N/A       75%         3
 Volatile Blastmotes      Fire/Tloc      0%         2d10      75%         3
 Iskenderun's Mystic Bla  Conj/Tloc      0%         2d3       98%         4
 Starburst                Conj/Fire      0%         6d3       100%        6


Dungeon Overview and Level Annotations

Branches:
Dungeon (3/15)

Altars:

Shops:
D:1 (


Message History

The orc priest misses you.
The orc shouts!
You hit the orc priest.
You kill the orc priest!
The orc wizard gestures at you while chanting.
The puff of flame hits you!
The orc wizard hits you with a +0 dagger.
Things that are here:
a +0 club; an orc corpse You closely miss the orc wizard.
The orc wizard completely misses you.
You hit the orc wizard.
The orc wizard is moderately wounded.
The orc wizard hits you with a +0 dagger.
You hit the orc wizard.
The orc wizard is moderately wounded.
The orc wizard misses you.
An orc comes into view. It is wielding a +0 dagger.
The orc hits you with a +0 mace.
* * * LOW HITPOINT WARNING * * *
You barely miss the orc wizard.
The orc wizard is moderately wounded.
The orc wizard hits you with a +0 dagger.
* * * LOW HITPOINT WARNING * * *
You hit the orc wizard.
The orc wizard is heavily wounded.
The orc wizard misses you. The orc hits you with a +0 mace.
* * * LOW HITPOINT WARNING * * *
You hit the orc wizard.
The orc wizard is almost dead.
The orc wizard hits you with a +0 dagger.
* * * LOW HITPOINT WARNING * * *
The orc completely misses you.
You hit the orc wizard.
The orc wizard is almost dead.
The orc wizard hits you with a +0 dagger.
* * * LOW HITPOINT WARNING * * *
The orc hits you with a +0 dagger.
* * * LOW HITPOINT WARNING * * *
The orc hits you with a +0 mace.
You die...

## .# #
##.#####.
#.####o...$...
#....o@.#
#.##.o#.#
#.##.#..#
#...###.#
#.##.#..#
#.....).########
#####.##.......#
#.##.......#
#.##.......#


You could see an orc wizard (invisible) and 2 orcs.

Vanquished Creatures
  An orc priest (D:3)
  3 adders (D:2)
  7 gnolls
  A dart slug (D:1)
  6 bats
  6 endoplasms
  2 giant cockroaches (D:1)
  6 goblins
  2 hobgoblins (D:1)
  2 quokkas (D:2)
  6 ball pythons
  3 frilled lizards
  4 kobolds
  3 rats (D:1)
52 creatures vanquished.

Notes
Turn   | Place    | Note
-------+----------+-------------------------------------------
     0 | D:1      | jagang the Human Monk began the quest for the Orb.
     0 | D:1      | Reached XP level 1. HP: 18/18 MP: 1/1
   114 | D:1      | Reached XP level 2. HP: 22/24 MP: 2/2
   157 | D:1      | Found a faded altar of an unknown god.
   169 | D:1      | Reached skill level 1 in Armour
   309 | D:1      | Reached XP level 3. HP: 29/29 MP: 3/3
   755 | D:1      | Found Fokufue's Weapon Shop.
  1293 | D:2      | Reached XP level 4. HP: 29/35 MP: 4/4
  1952 | D:3      | Reached skill level 4 in Long Blades
  1952 | D:3      | Reached XP level 5. HP: 29/41 MP: 5/5
  2070 | D:3      | Reached skill level 1 in Throwing
  2071 | D:3      | HP: 2/41 [poisoned by a gnoll]
  2413 | D:3      | HP: 1/42 [orc/+0 dagger (2)]
  2413 | D:3      | Slain by an orc

Illustrated notes

Levels and vault maps discovered:
D:1:      wander_arrival_peaceful_grave, layout_basic,
          hellmonk_ecumenical_altar_blasted, serial_shops, nicolae_diamond_shop,
          palyth_stone_intersect
D:2:      layout_loops_ring
D:3:      layout_loops_cross, uniq_terence

Skill      XL: |  1  2  3  4  5 |
---------------+----------------+-----
Armour         | 1 2 |  2.8
Long Blades    | 4 |  4.3
Throwing       | 1 |  1.3
Fighting       | |  3.7
Dodging        | |  3.0

Action                     |  1- 3 |  4- 6 || total
---------------------------+-------+-------++-------
  Melee: Falchion          |    74 |    73 ||   147
    Use: Potion            |       |     1 ||     1
 Armour: Robe              |    10 |     7 ||    17
  Dodge: Dodged            |    50 |    50 ||   100
